 Dungeon Crawl Stone Soup version 0.18.1-5-g4a78601 (webtiles) character file.

76699 Mefis the Frost Mage (level 15, -10/74 HPs)
             Began as a Deep Elf Wizard on May 11, 2016.
             Was an Elder of Sif Muna.
             Mangled by a wolf spider (14 damage)
             ... on level 1 of the Spider Nest.
             The game lasted 02:48:33 (37312 turns).

Mefis the Frost Mage (Deep Elf Wizard)             Turns: 37312, Time: 02:48:35

Health: -10/74     AC: 18    Str:  5    XL:     15   Next: 13%
Magic:  18/39      EV: 14    Int: 35    God:    Sif Muna [****..]
Gold:   1983       SH:  6    Dex: 12    Spells: 8 memorised, 0 levels left

rFire  . . .     SeeInvis .     Z - +2 lightning rod (9/9)
rCold  . . .     Gourm    +     E - +1 leather armour "Ubalateu" {Int+3}
rNeg   . . .     Faith    .     g - +2 buckler
rPois  +         Spirit   .     H - +2 helmet {Int+3}
rElec  .         Dismiss  .     B - +2 cloak
rCorr  .         Reflect  .     K - +0 pair of gloves
SustAt .         Harm     .     m - +0 pair of boots
MR     +....                    W - amulet of the gourmand
Stlth  ++++......               q - ring of magical power
                                N - ring of poison resistance

@: somewhat resistant to hostile enchantments, stealthy
A: rough black scales 1, rugged brown scales 1
a: Channel Energy, Forget Spell, Renounce Religion


You were on level 1 of the Spider Nest.
You worshipped Sif Muna.
Sif Muna was greatly pleased with you.
You were very hungry.

You visited 4 branches of the dungeon, and saw 20 of its levels.
You also visited: Bailey.

You collected 2103 gold pieces.
You spent 120 gold pieces at shops.

Inventory:

Hand Weapons
 t - a +1 longbow of freezing
 z - a +0 dagger of protection
 A - the +4 spear "Vetehax" {holy, rC+ Str+2 Dex-4}
   (You found it on level 4 of the Lair of Beasts)

   It has been blessed by the Shining One to cause great damage to the undead
   and demons.
   It affects your strength (+2).
   It affects your dexterity (-4).
   It protects you from cold.
 S - a +1 longbow of flaming
Missiles
 I - 220 arrows
 P - a throwing net (quivered)
Armour
 f - a +1 robe of positive energy
 g - a +2 buckler (worn)
 m - a +0 pair of boots (worn)
 B - a +2 cloak (worn)
 E - the +1 leather armour "Ubalateu" (worn) {Int+3}
   (You found it on level 4 of the Lair of Beasts)

   It affects your intelligence (+3).
 H - a +2 helmet of intelligence (worn)
 K - a +0 pair of gloves (worn)
 Q - a +0 buckler
Rods
 Z - a +2 lightning rod (9/9) (in hand)
   (You found it on level 7 of the Dungeon)
Jewellery
 q - a ring of magical power (right hand)
 w - an uncursed amulet of faith
 J - an uncursed ring of wizardry
 N - a ring of poison resistance (left hand)
 W - an amulet of the gourmand (around neck)
Wands
 i - a wand of digging (16/24)
 s - a wand of digging (12/24)
 Y - a wand of hasting (4/9)
Scrolls
 j - a scroll of silence {unknown}
 v - a scroll of random uselessness {unknown}
 x - a scroll of amnesia {unknown}
 y - 3 scrolls of blinking
 C - a scroll of enchant weapon {unknown}
 D - 8 scrolls of remove curse
 F - a scroll of enchant armour {unknown}
Potions
 a - 4 potions of flight
 b - 9 potions of curing
 p - a potion of agility
 L - a potion of cancellation
 T - a potion of magic
Books
 c - a book of Minor Magic

   Spells                             Type                      Level
   a - Magic Dart                     Conjuration                  1
   b - Blink                          Translocation                2
   c - Call Imp                       Summoning                    2
   d - Repel Missiles                 Charms/Air                   2
   e - Slow                           Hexes                        2
   f - Conjure Flame                  Conjuration/Fire             3
   g - Mephitic Cloud                 Conjuration/Poison/Air       3
 e - a Fen Folio

   Spells                             Type                      Level
   a - Corpse Rot                     Necromancy                   2
   b - Stone Arrow                    Conjuration/Earth            3
   c - Leda's Liquefaction            Hexes/Earth                  4
   d - Summon Forest                  Summoning/Translocation      5
   e - Hydra Form                     Transmutation                6
   f - Summon Hydra                   Summoning                    7
 h - a book of Ice

   Spells                             Type                      Level
   a - Ice Form                       Ice/Transmutation            4
   b - Metabolic Englaciation         Hexes/Ice                    5
   c - Ozocubu's Refrigeration        Ice                          6
   d - Bolt of Cold                   Conjuration/Ice              6
   e - Freezing Cloud                 Conjuration/Ice/Air          6
   f - Simulacrum                     Ice/Necromancy               6
 G - a Young Poisoner's Handbook

   Spells                             Type                      Level
   a - Sting                          Conjuration/Poison           1
   b - Cure Poison                    Poison                       2
   c - Mephitic Cloud                 Conjuration/Poison/Air       3
   d - Olgreb's Toxic Radiance        Poison                       4
   e - Venom Bolt                     Conjuration/Poison           5
 M - Sif Muna's Guide on Creative Battle Magic
   (Sif Muna gifted it to you on level 7 of the Lair of Beasts)

   Spells                             Type                      Level
   a - Summon Small Mammal            Summoning                    1
   b - Throw Frost                    Conjuration/Ice              2
   c - Throw Flame                    Conjuration/Fire             2
   d - Stone Arrow                    Conjuration/Earth            3
   e - Fireball                       Conjuration/Fire             5
   f - Lightning Bolt                 Conjuration/Air              5
   g - Summon Demon                   Summoning                    5
   h - Iron Shot                      Conjuration/Earth            6
 V - Sif Muna's Almanac of Helpful Malediction
   (Sif Muna gifted it to you on level 3 of the Lair of Beasts)

   Spells                             Type                      Level
   a - Corona                         Hexes                        1
   b - Confusing Touch                Hexes                        2
   c - Regeneration                   Charms/Necromancy            3
   d - Confuse                        Hexes                        3
   e - Warp Weapon                    Charms/Translocation         5
   f - Yara's Violent Unravelling     Hexes/Transmutation          5
   g - Darkness                       Hexes                        6
 X - a book of Enchantments

   Spells                             Type                      Level
   a - Cause Fear                     Hexes                        4
   b - Yara's Violent Unravelling     Hexes/Transmutation          5
   c - Silence                        Hexes/Air                    5
   d - Deflect Missiles               Charms/Air                   6
   e - Haste                          Charms                       6
   f - Discord                        Hexes                        8
Miscellaneous
 u - a plain deck of defence {drawn: 4}
Comestibles
 d - 5 bread rations
 k - 8 beef jerkies
 l - 24 fruits
 n - 16 royal jellies
 o - 7 meat rations
 r - 3 slices of pizza


   Skills:
 - Level 4.0 Armour
 - Level 7.5 Dodging
 - Level 8.2 Stealth
 * Level 3.1 Shields
 - Level 9.0 Spellcasting
 * Level 13.3 Conjurations
 - Level 8.0 Hexes
 - Level 12.5 Charms
   Level 4.4 Summonings
 - Level 4.1 Translocations
 * Level 13.7 Ice Magic
 + Level 4.3 Air Magic
 - Level 4.8 Poison Magic
 * Level 10.7 Invocations


You couldn't memorise any spells.
You knew the following spells:

 Your Spells              Type           Power        Failure   Level  Hunger
a - Magic Dart            Conj           ####         1%          1    None
c - Blink                 Tloc           N/A          1%          2    None
d - Bolt of Cold          Conj/Ice       #######...   3%          6    #####..
e - Freezing Cloud        Conj/Ice/Air   ######....   12%         6    #####..
k - Metabolic Englaciati  Hex/Ice        #######...   1%          5    ###....
m - Iskenderun's Battles  Conj/Chrm      #######.     1%          5    ###....
s - Sting                 Conj/Pois      ####         1%          1    None
x - Haste                 Chrm           #######.     6%          6    #####..


Dungeon Overview and Level Annotations

Branches:
Dungeon (10/15)            Temple (1/1) D:6            Lair (8/8) D:9
 Shoals (0/4) Lair:6       Spider (1/4) Lair:3        Slime (0/6) Lair:6
    Orc: D:9-12

Altars:
Ashenzari
Cheibriados
Dithmenos
Elyvilon
Fedhas
Gozag
Kikubaaqudgha
Makhleb
Nemelex Xobeh
Okawaru
Pakellas
Qazlal
Ru
Sif Muna
Trog
Vehumet
Xom
Yredelemnul
Zin
The Shining One

Shops:
D:4 }=[


Innate Abilities, Weirdness & Mutations

You are partially covered in rough black scales (AC +4, Dex -1).
You are partially covered in rugged brown scales (AC +1, +3% HP).


Message History

The wolf spider completely misses you.
Casting: Sting
Confirm with . or Enter, or press ? or * to list all spells.
You blink.
* * * LOW HITPOINT WARNING * * *
You feel sick.
Casting: Blink
Confirm with . or Enter, or press ? or * to list all spells.
Aiming: Sting
Press: ? - help, Shift-Dir - straight line, f/p - wolf spider
Aim: a wolf spider (moderately wounded, poisoned)
The sting hits the wolf spider.
The wolf spider is heavily wounded.
* * * LOW HITPOINT WARNING * * *
You feel sick.
Drink which item? (? for menu, Esc to quit)
You feel better. The wolf spider hits you!
* * * LOW HITPOINT WARNING * * *
You block the wolf spider's attack. The wolf spider hits you!
You die...

#.>.....#########....# ####..>##
#............#.........#..§.....
##..........^#........##.§§§.^..
#####.......##.......##^.§§§....
##.........###.......##...§§§.###
≈.........##........##..........#
##.........†..........†.^......##
####...................####....#
##...)..#....#..@s.........####..
#.....#.#....##..^.####.......# #
###...###.....#.......####.....
#....#.......#..........##....
##...#.......#...........#####
#...#.......####.......###..##
#...#........#..†...^....#...#
#..##..##....#......##...#...#
#.##....##...#.......#.....###


You could see a wolf spider.

Vanquished Creatures
  Donald (Spider:1)
  2 emperor scorpions (Spider:1)
  Nessos (Lair:7)
  Erolcha (D:8)
  Josephine (Lair:7)
  7 hydras
  4 death yaks (Lair:7)
  A fire crab (Lair:8)
  3 hill giants (D:10)
  An orc knight (Bailey)
  A griffon (Lair:6)
  3 orb spiders (Spider:1)
  A hornet (Spider:1)
  5 wolf spiders (Spider:1)
  A manticore (Lair:6)
  26 elephants
  5 black mambas
  2 torpor snails
  10 spiny frogs
  5 rime drakes
  5 komodo dragons
  A spriggan druid (Lair:8)
  A queen bee (Lair:4)
  8 jumping spiders (Spider:1)
  5 polar bears (Lair:8)
  A troll (D:9)
  4 slime creatures
  22 blink frogs
  7 redbacks
  11 spriggans (Lair:8)
  5 tarantellas (Spider:1)
  2 wyverns
  42 yaks
  5 wraiths (Lair:7)
  Grum (D:8)
  5 basilisks
  17 hippogriffs
  2 steam dragons
  3 swamp worms (Lair:4)
  21 porcupines
  16 water moccasins
  15 orc warriors
  2 ice beasts
  2 sky beasts (D:9)
  7 black bears
  4 phantoms
  4 wasps
  A necrophage (D:10)
  7 ogres
  19 wolves
  5 centaurs
  16 crocodiles
  Blork the orc (D:6)
  A gnoll sergeant (D:9)
  23 giant frogs
  2 big kobolds
  2 scorpions
  24 killer bees (Lair:4)
  15 wights
  A howler monkey (D:9)
  3 crimson imps
  5 giant frog zombies
  3 hounds
  6 orc priests
  4 jellies
  8 orc wizards
  7 giant frog skeletons
  A centaur skeleton (D:9)
  12 iguanas
  5 worker ants
  Natasha (thrice) (D:2)
  27 sheep
  A hound skeleton (D:7)
  3 worker ant zombies
  Robin (D:2)
  3 gnolls (D:9)
  10 adders
  54 river rats
  3 shadow imps
  2 oozes
  An adder zombie (D:9)
  2 adder skeletons
  22 worms
  2 dart slugs
  4 giant geckos
  59 orcs
  5 giant cockroaches
  21 goblins
  11 hobgoblins
  15 jackals
  13 kobolds
  5 quokkas
  5 ball pythons
  10 bats
  A giant gecko zombie (D:6)
  6 giant newts
  8 rats
  A butterfly (Lair:5)
  A fungus (Lair:7)
  4 plants
773 creatures vanquished.

Vanquished Creatures (collateral kills)
  An orc warrior (Bailey)
  2 wolves (D:8)
  3 adders
  A giant gecko (D:2)
  A goblin (D:2)
  A hobgoblin (D:2)
  A jackal (D:1)
10 creatures vanquished.

Vanquished Creatures (others)
  A hippogriff (D:10)
  142 fungi
  35 plants
178 creatures vanquished.

Grand Total: 961 creatures vanquished

Notes
Turn   | Place    | Note
--------------------------------------------------------------
     0 | D:1      | Mefis the Deep Elf Wizard began the quest for the Orb.
     0 | D:1      | Reached XP level 1. HP: 10/10 MP: 7/7
     1 | D:1      | Noticed an electric eel
   329 | D:1      | Reached XP level 2. HP: 15/15 MP: 7/9
   909 | D:2      | Learned a level 2 spell: Call Imp
   912 | D:2      | Learned a level 2 spell: Blink
   915 | D:2      | Learned a level 2 spell: Repel Missiles
  1000 | D:2      | Reached XP level 3. HP: 19/19 MP: 1/11
  1005 | D:2      | Learned a level 3 spell: Mephitic Cloud
  1020 | D:2      | Noticed Robin
  1037 | D:2      | Killed Robin
  1363 | D:2      | Reached skill level 5 in Spellcasting
  1656 | D:2      | Reached skill level 1 in Poison Magic
  1748 | D:2      | Reached XP level 4. HP: 24/24 MP: 10/13
  1769 | D:2      | Learned a level 3 spell: Conjure Flame
  1818 | D:2      | Noticed Natasha
  1838 | D:2      | Killed Natasha
  1876 | D:2      | Noticed Natasha
  2561 | D:2      | Killed Natasha
  2561 | D:2      | Reached XP level 5. HP: 24/28 MP: 1/14
  2835 | D:2      | Noticed Natasha
  2854 | D:2      | Killed Natasha
  3375 | D:3      | Found a sacrificial altar of Ru.
  4943 | D:4      | Reached XP level 6. HP: 32/32 MP: 9/16
  5461 | D:4      | Reached XP level 7. HP: 29/36 MP: 2/17
  5541 | D:4      | Learned a level 2 spell: Slow
  5914 | D:4      | Found Xaedenn's Antique Armour Shoppe.
  5923 | D:4      | Found Haetz's Jewellery Shoppe.
  5930 | D:4      | Found Wifott's Gadget Shop.
  5930 | D:4      | Found Bygreal's Gadget Shoppe.
  6168 | D:4      | Reached skill level 5 in Conjurations
  6351 | D:4      | Bought a +2 ring of evasion for 120 gold pieces
  6378 | D:5      | Entered Level 5 of the Dungeon
  6611 | D:5      | Reached skill level 5 in Stealth
  7044 | D:5      | Found a deep blue altar of Sif Muna.
  7047 | D:5      | Became a worshipper of Sif Muna the Loreminder
  7086 | D:5      | Reached XP level 8. HP: 36/41 MP: 7/19
  7173 | D:5      | Found a snail-covered altar of Cheibriados.
  7624 | D:6      | Found a staircase to the Ecumenical Temple.
  7633 | Temple   | Entered the Ecumenical Temple
  8056 | D:6      | Found a stormy altar of Qazlal.
  8213 | D:6      | Reached skill level 1 in Hexes
  8280 | D:6      | Reached skill level 5 in Dodging
  8427 | D:6      | Noticed Blork the orc
  8486 | D:6      | Killed Blork the orc
  8486 | D:6      | Reached * piety under Sif Muna
  8708 | D:6      | Reached skill level 1 in Invocations
  9052 | D:7      | Learned a level 4 spell: Cause Fear
  9069 | D:7      | Reached skill level 1 in Charms
  9406 | D:7      | Reached XP level 9. HP: 45/45 MP: 16/21
  9480 | D:8      | Noticed Erolcha
  9496 | D:8      | Killed Erolcha
  9496 | D:8      | Reached ** piety under Sif Muna
  9562 | D:8      | Found a flagged portal.
  9604 | Bailey   | Entered a bailey
  9604 | Bailey   | Noticed an orc knight
  9758 | Bailey   | Killed an orc knight
  9758 | Bailey   | Reached skill level 5 in Hexes
  9758 | Bailey   | Reached skill level 5 in Charms
  9798 | Bailey   | Reached XP level 10. HP: 36/50 MP: 5/23
  9802 | Bailey   | Reached *** piety under Sif Muna
 10168 | D:8      | Noticed Grum
 10185 | D:8      | Killed Grum
 10403 | D:8      | Learned a level 5 spell: Metabolic Englaciation
 11310 | D:9      | Reached skill level 1 in Ice Magic
 12019 | D:9      | Gained mutation: You are partially covered in rough black scales (AC +4, Dex -1). [mutagenic meat]
 12020 | D:9      | Gained mutation: You are frail (-10% HP). [mutagenic meat]
 12022 | D:9      | Gained mutation: You are dopey. (Int -2) [mutagenic meat]
 12024 | D:9      | Gained mutation: Scrolls take you a little longer to read. [mutagenic meat]
 12408 | D:9      | Found a staircase to the Lair.
 12499 | Lair:1   | Entered Level 1 of the Lair of Beasts
 12662 | D:9      | Reached **** piety under Sif Muna
 13473 | D:9      | Learned a level 3 spell: Conjure Flame
 13487 | D:10     | Entered Level 10 of the Dungeon
 13578 | D:10     | Noticed a hill giant
 13687 | D:10     | Killed a hill giant
 14254 | D:10     | Noticed a hill giant
 14276 | D:10     | Killed a hill giant
 14276 | D:10     | Reached XP level 11. HP: 48/48 MP: 16/25
 14727 | D:10     | Learned a level 3 spell: Stone Arrow
 15002 | D:10     | Noticed a hill giant
 15014 | D:10     | Killed a hill giant
 16076 | D:10     | Noticed a hill giant
 16108 | D:9      | Reached skill level 5 in Invocations
 16109 | D:9      | Reached ***** piety under Sif Muna
 16813 | Lair:1   | Learned a level 6 spell: Haste
 16974 | Lair:1   | Reached skill level 5 in Ice Magic
 17705 | Lair:1   | Noticed a six-headed hydra
 17730 | Lair:1   | Killed a six-headed hydra
 17730 | Lair:1   | Reached skill level 10 in Charms
 19329 | Lair:2   | Reached XP level 12. HP: 53/53 MP: 27/27
 20205 | Lair:2   | Reached skill level 1 in Armour
 20444 | Lair:2   | Reached ****** piety under Sif Muna
 20931 | Lair:3   | Received a gift from Sif Muna
 20932 | Lair:3   | Identified Sif Muna's Almanac of Helpful Malediction (Sif Muna gifted it to you on level 3 of the Lair of Beasts)
 22462 | Lair:3   | Found a hole to the Spider Nest.
 22705 | Lair:4   | Noticed a five-headed hydra
 22716 | Lair:4   | Killed a five-headed hydra
 22817 | Lair:4   | Got a faintly glowing spear
 22818 | Lair:4   | Identified the +4 spear "Vetehax" {holy, rC+ Str+2 Dex-4} (You found it on level 4 of the Lair of Beasts)
 22829 | Lair:4   | Learned a level 6 spell: Bolt of Cold
 24400 | Lair:4   | Reached skill level 10 in Ice Magic
 24600 | Lair:4   | Reached XP level 13. HP: 56/56 MP: 27/28
 24875 | Lair:4   | Got a pair of dazzling gloves
 24886 | Lair:4   | Identified the cursed -6 pair of gloves of the Trees {rF+ MP-9 Dex+7} (You found it on level 4 of the Lair of Beasts)
 25651 | Lair:4   | Got a faintly glowing leather armour
 25662 | Lair:4   | Identified the +1 leather armour "Ubalateu" {Int+3} (You found it on level 4 of the Lair of Beasts)
 25975 | Lair:5   | Learned a level 5 spell: Iskenderun's Battlesphere
 26601 | Lair:5   | Reached skill level 10 in Conjurations
 27575 | Lair:6   | Found a staircase to the Shoals.
 27577 | Lair:6   | Found a staircase to the Slime Pits.
 29033 | Lair:7   | Noticed Nessos
 29248 | Lair:7   | Noticed Josephine
 30490 | Lair:7   | Received a gift from Sif Muna
 30491 | Lair:7   | Identified Sif Muna's Guide on Creative Battle Magic (Sif Muna gifted it to you on level 7 of the Lair of Beasts)
 30683 | Lair:7   | Reached XP level 14. HP: 61/61 MP: 3/29
 31738 | Lair:7   | Killed Josephine
 31948 | Lair:7   | Learned a level 2 spell: Repel Missiles
 31973 | Lair:7   | Killed Nessos
 32243 | Lair:8   | Entered Level 8 of the Lair of Beasts
 32700 | Lair:8   | Reached skill level 1 in Air Magic
 33389 | Lair:8   | Reached skill level 10 in Invocations
 33559 | Lair:8   | Received a gift from Sif Muna
 33642 | Lair:8   | Identified Sif Muna's Handbook of Creative Beguiling (Sif Muna gifted it to you on level 8 of the Lair of Beasts)
 33654 | Lair:8   | Learned a level 6 spell: Freezing Cloud
 33897 | Lair:8   | Lost mutation: You are frail (-10% HP). [potion of cure mutation]
 33897 | Lair:8   | Lost mutation: You are dopey. (Int -2) [potion of cure mutation]
 33897 | Lair:8   | Lost mutation: You are partially covered in rough black scales (AC +4, Dex -1). [potion of cure mutation]
 33897 | Lair:8   | Lost mutation: Scrolls take you a little longer to read. [potion of cure mutation]
 34121 | Lair:1   | Gained mutation: You are partially covered in rough black scales (AC +4, Dex -1). [potion of beneficial mutation]
 34122 | Lair:1   | Gained mutation: You are partially covered in rugged brown scales (AC +1, +3% HP). [potion of beneficial mutation]
 34407 | Lair:8   | Reached skill level 1 in Shields
 35941 | Spider:1 | Entered Level 1 of the Spider Nest
 36182 | Spider:1 | Noticed an emperor scorpion
 36190 | Spider:1 | Killed an emperor scorpion
 36193 | Spider:1 | Noticed Donald
 36222 | Spider:1 | Killed Donald
 36565 | Spider:1 | Noticed an emperor scorpion
 36598 | Spider:1 | Killed an emperor scorpion
 36598 | Spider:1 | Reached XP level 15. HP: 25/74 MP: 2/30
 37263 | Spider:1 | Learned a level 1 spell: Sting
 37312 | Spider:1 | Mangled by a wolf spider

Skill      XL: |  1  2  3  4  5  6  7  8  9 10 11 12 13 14 15 |
---------------+----------------------------------------------+-----
Conjurations   | 2 3 4 5 6 7 9 11 13 | 13.3
Spellcasting   | 5 6 7 8 9 |  9.0
Stealth        | 3 4 5 6 7 8 |  8.2
Poison Magic   | 1 2 3 4 |  4.8
Dodging        | 3 4 5 6 7 |  7.5
Summonings     | 2 3 4 |  4.4
Hexes          | 3 5 7 8 |  8.0
Translocations | 2 3 4 |  4.1
Invocations    | 1 3 4 5 6 8 10 | 10.7
Charms         | 2 5 8 11 12 | 12.5
Ice Magic      | 3 7 10 12 13 | 13.7
Armour         | 3 4 |  4.0
Air Magic      | 4 |  4.3
Shields        | 2 3 |  3.1

Action                   |  1- 3 |  4- 6 |  7- 9 | 10-12 | 13-15 || total
-------------------------+-------+-------+-------+-------+-------++-------
Melee: Dagger            |    18 |     6 |     3 |       |       ||    27
 Cast: Magic Dart        |    87 |   228 |   320 |   794 |   554 ||  1983
       Repel Missiles    |     1 |       |     1 |     2 |     2 ||     6
       Call Imp          |     5 |     2 |    11 |     5 |       ||    23
       Blink             |     1 |       |       |    27 |     3 ||    31
       Mephitic Cloud    |       |     4 |    24 |    51 |       ||    79
       Cause Fear        |       |       |     1 |     5 |     1 ||     7
       Conjure Flame     |       |       |       |    41 |       ||    41
       Metabolic Englaci |       |       |       |    30 |     7 ||    37
       Stone Arrow       |       |       |       |   254 |    14 ||   268
       Haste             |       |       |       |     6 |     6 ||    12
       Bolt of Cold      |       |       |       |    41 |   120 ||   161
       Iskenderun's Batt |       |       |       |       |   106 ||   106
       Freezing Cloud    |       |       |       |       |    19 ||    19
       Sting             |       |       |       |       |     9 ||     9
Invok: Channel Energy    |       |       |    11 |   153 |    60 ||   224
       Forget Spell      |       |       |       |     5 |     4 ||     9
Evoke: Rod               |       |       |     4 |    26 |       ||    30
       Deck              |       |       |       |     4 |       ||     4
  Use: Scroll            |       |     1 |     4 |     6 |     7 ||    18
       Potion            |       |       |       |     2 |     5 ||     7
 Stab: Distracted        |     1 |       |       |       |       ||     1
       Confused          |       |     1 |       |       |       ||     1
       Sleeping          |       |       |     1 |       |       ||     1
  Eat: Chunk             |     2 |    12 |     8 |    89 |   100 ||   211
       Bread ration      |       |       |     1 |     2 |     1 ||     4
       Beef jerky        |       |       |     1 |       |       ||     1
       Fruit             |       |       |       |     3 |       ||     3
       Pizza             |       |       |       |     1 |       ||     1
Armor: Robe              |     2 |       |       |       |       ||     2
       Animal skin       |    10 |    27 |    30 |    98 |     1 ||   166
       Leather armour    |       |       |       |       |    44 ||    44
Dodge: Dodged            |    29 |    40 |    53 |   213 |    85 ||   420
       Deflected         |     1 |     1 |       |     8 |     2 ||    12
Block: Buckler           |       |       |       |       |    10 ||    10
